 Dungeon Crawl Stone Soup version 0.25-a0-1036-g6f112fb28d (webtiles) character file.

Game seed: 1481518084351493384, levelgen mode: classic

11669 EnegeticOcto the Fighter (level 11, -20/74 HPs)
             Began as a Tengu Assassin on May 13, 2020.
             Was a Follower of Uskayaw.
             Hit by a silver javelin thrown by a minotaur (27 damage)
             ... in a Gauntlet.
             The game lasted 00:25:33 (11901 turns).

EnegeticOcto the Fighter (Tengu Assassin)          Turns: 11901, Time: 00:25:33

Health: -20/74     AC:  9    Str: 15    XL:     11   Next: 81%
Magic:  11/15      EV: 19    Int:  8    God:    Uskayaw [*.....]
Gold:   285        SH:  6    Dex: 21    Spells: 6/10 levels left

rFire    . . .     SeeInvis +   a - +2 short sword (speed)
rCold    . . .     Gourm    .   p - +0 buckler
rNeg     . . .     Faith    .   y - +0 steam dragon scales
rPois    +         Spirit   .   g - +1 hat
rElec    .         Reflect  .   c - +0 cloak
rCorr    .         Harm     .   n - +0 pair of gloves
MR       .....     NoTele   +   (boots unavailable)
Stlth    ++++......             I - amulet of Ysigguth {Regen+ Dex+5 SInv}
HPRegen  0.62/turn              D - -3 ring of intelligence (curse)
MPRegen  0.14/turn              H - ring of poison resistance

@: flying quickly and evasively, hasted, very quick
A: beak, talons 3, able to fly
a: Stop Flying, Stomp, Renounce Religion


You were in a Gauntlet.
You worshipped Uskayaw.
Uskayaw was noncommittal.
You were not hungry.

You visited 2 branches of the dungeon, and saw 13 of its levels.
You also visited: Gauntlet and Ice Cave.

You collected 725 gold pieces.
You spent 440 gold pieces at shops.

Inventory:

Hand Weapons
 a - a +2 short sword of speed (weapon)
 G - a +0 short sword of electrocution
Missiles
 l - 27 poisoned darts
 A - 2 curare-tipped darts (quivered)
Armour
 c - a +0 cloak (worn)
 g - a +1 hat (worn)
 n - a +0 pair of gloves (worn)
 p - a +0 buckler (worn)
 y - +0 steam dragon scales (worn)
Jewellery
 s - an uncursed ring of fire
 D - a cursed -3 ring of intelligence (left hand)
 E - an uncursed amulet of faith {unknown}
 H - a ring of poison resistance (right hand)
 I - the amulet of Ysigguth (around neck) {Regen+ Dex+5 SInv}
   (You found it in a Gauntlet)

   [amulet of regeneration]

   It affects your dexterity (+5).
   It lets you see invisible.
   It increases your rate of regeneration.
Wands
 f - a wand of paralysis (23)
 r - a wand of digging (20) {@v3}
 x - a wand of enslavement (16)
 C - a wand of disintegration (21)
Scrolls
 h - 7 scrolls of remove curse {@r2}
 j - 2 scrolls of enchant weapon
 k - 2 scrolls of fear {!r}
 t - a scroll of enchant armour
 w - 4 scrolls of teleportation {@r3 !r}
 F - a scroll of fog {!r}
Potions
 b - 2 potions of mutation
 i - 2 potions of magic
 m - 2 potions of curing {@q1 !q}
 o - 3 potions of lignification {@q6}
 v - a potion of haste {@q4 !q}
 B - a potion of ambrosia
 J - a potion of berserk rage {unknown}
Miscellaneous
 d - a tin of tremorstones (inert)
 K - a lightning rod (4/4)
Comestibles
 e - 23 rations
 u - 4 chunks of flesh


   Skills:
 + Level 11.3 Fighting
 - Level 10.0 Short Blades
 - Level 2.0 Throwing
 - Level 5.0 Armour
 - Level 5.0 Dodging
 - Level 8.0 Stealth
 - Level 4.0 Shields
 - Level 5.0 Invocations
 + Level 2.3 Evocations


You had 6 spell levels left.
You knew the following spells:

 Your Spells              Type           Power        Failure   Level  Hunger
b - Summon Lightning Spi  Summ/Air       #.......     99%         4    #####..

Your spell library contained the following spells:

 Spells                   Type           Power        Failure   Level  Hunger
 Animate Skeleton         Necr           N/A          41%         1    ##.....
 Summon Small Mammal      Summ           #...         41%         1    ##.....
 Call Imp                 Summ           #.......     54%         2    ###....
 Sublimation of Blood     Necr           #.........   54%         2    ###....
 Call Canine Familiar     Summ           #.......     78%         3    ####...
 Summon Guardian Golem    Hex/Summ       #.......     78%         3    ####...
 Vampiric Draining        Necr           #.........   78%         3    ####...
 Dispel Undead            Necr           #.......     99%         4    #####..
 Summon Ice Beast         Ice/Summ       #.......     99%         4    #####..
 Borgnjor's Vile Clutch   Necr/Erth      #.........   100%        5    ######.


Dungeon Overview and Level Annotations

Branches:
Dungeon (11/15)            Temple (0/1) D:7            Lair (2/6) D:9
  IceCv (visited)         Gauntlet (1/1)
  Swamp: Lair:2-4    Shoals: Lair:2-4     Snake: Lair:2-4    Spider: Lair:2-4
    Orc: D:9-12

Altars:
Dithmenos
Elyvilon
Fedhas
Gozag
Hepliaklqana
Makhleb
Qazlal
Ru
Sif Muna
Uskayaw
Vehumet
Xom
Zin
The Shining One

Shops:
D:4 }

Annotations:
Gauntlet 6 transporters, 1 runed translucent door


Innate Abilities, Weirdness & Mutations

You have a beak for a mouth.
You have claws for feet.
You can fly continuously.


Message History

Evoke which item? (* to show all) (? for menu, Esc to quit)
Okay, then.
Okay, then.
Press: ? - help, v - describe, . - travel
Here: a minotaur, wielding the +10 scimitar of the Thing {holy, *Contam rElec rPois rC-}, wearing a +0 plate armour and quivering 19 silver javelins (wandering, hasn't noticed you)
The floor.
Your +0 short sword of electrocution stops crackling.
Your hands tingle!
a - a +2 short sword of speed (weapon)
You remove your amulet of regeneration.
The glittering garnet amulet throbs as it attunes itself to your uninjured body.
You feel agile.
I - the amulet of Ysigguth (around neck) {Regen+ Dex+5 SInv} Drop what? 37/52 slots (_ for help) (? for menu, Esc to quit)
You drop an uncursed amulet of regeneration.
Press: ? - help, . - travel You can't see that place. [the floor.]
Okay, then.
Evoke which item? (* to show all) (? for menu, Esc to quit)
Okay, then.
Okay, then.
Okay, then.
You swing at nothing.
You barely miss the minotaur.
The minotaur bellows!
You claw the minotaur, but do no damage.
Really quaff
v - 2 potions of haste {@q4 !q}?
You feel yourself speed up. You block the minotaur's attack.
The minotaur gores you but does no damage.
You hit the minotaur but do no damage.
You claw the minotaur, but do no damage.
You peck the minotaur, but do no damage.
You barely miss the minotaur. You hit the minotaur.
Your kick misses the minotaur.
The minotaur is lightly wounded.
The minotaur hits you with the +10 scimitar of the Thing {holy, *Contam rElec rPois rC-}!!
The minotaur closely misses you.
Really quaff
q - 3 potions of heal wounds {@q2 !q}?
You feel much better.
You hit the minotaur.
The minotaur is lightly wounded.
You barely miss the minotaur. You claw the minotaur.
The minotaur is lightly wounded.
The minotaur hits you with the +10 scimitar of the Thing {holy, *Contam rElec rPois rC-}!!
The minotaur misses you.
You hit the minotaur but do no damage. You claw the minotaur.
The minotaur is lightly wounded.
You hit the minotaur but do no damage.
You claw the minotaur, but do no damage.
You peck the minotaur, but do no damage.
The minotaur is lightly wounded.
You hit the minotaur.
You claw the minotaur, but do no damage.
You peck the minotaur, but do no damage.
The minotaur is lightly wounded.
You hit the minotaur but do no damage.
You claw the minotaur, but do no damage.
The minotaur is lightly wounded.
The minotaur hits you with the +10 scimitar of the Thing {holy, *Contam rElec rPois rC-}!!
The minotaur closely misses you.
Really quaff
q - 2 potions of heal wounds {@q2 !q}?
You feel much better.
You hit the minotaur but do no damage.
The minotaur is lightly wounded.
You barely miss the minotaur.
You claw the minotaur, but do no damage.
The minotaur is lightly wounded.
The minotaur hits you with the +10 scimitar of the Thing {holy, *Contam rElec rPois rC-}!!
The minotaur gores you!
* * * LOW HITPOINT WARNING * * *
You barely miss the minotaur.
You claw the minotaur, but do no damage.
The minotaur is lightly wounded.
Really quaff
q - a potion of heal wounds {@q2 !q}?
You feel much better.
You hit the minotaur.
You claw the minotaur, but do no damage.
You peck the minotaur, but do no damage.
The minotaur is lightly wounded.
The minotaur hits you with the +10 scimitar of the Thing {holy, *Contam rElec rPois rC-}!!
* * * LOW HITPOINT WARNING * * *
The minotaur gores you!
* * * LOW HITPOINT WARNING * * *
Okay, then.
You completely miss the minotaur.
You claw the minotaur, but do no damage.
The minotaur is lightly wounded.
You hit the minotaur but do no damage. You claw the minotaur.
The minotaur is moderately wounded.
You can now pass through a line of other dancers.
Aiming: Line Pass
Press: ? - help, Dir - move target cursor The minotaur appears confused.
You feel somewhat more hungry.
You can no longer pass through a line of other dancers.
The minotaur completely misses you.
The minotaur gores you but does no damage.
The minotaur seems less confused.
The minotaur throws a silver javelin.
The silver javelin pierces through you!!
You die...

########.#######
#.##### #.....#
#######.#
#.....#.#
#.###H#.# #.#
#.#.# #.# #.#.#
#.# #@#.#
#.#...#.#
#.#####.#
#.."....#
#########


You could see a minotaur.

Vanquished Creatures
  Gastronok (D:8)
  A hydra (Lair:1)
  An unseen horror (D:10)
  Psyche (D:8)
  A spiny frog (Lair:1)
  Maggie (D:8)
  2 komodo dragons (Lair:1)
  A tyrant leech (Gauntlet)
  A hornet (D:10)
  A troll (D:10)
  2 hippogriffs
  5 yaks
  A human (D:10)
  A wraith (D:10)
  A wyvern (D:8)
  4 hogs (D:10)
  4 swamp worms (Gauntlet)
  6 water moccasins
  An orc warrior (D:10)
  A porcupine (Lair:1)
  A sky beast (D:10)
  5 ogres
  A phantom (D:6)
  4 ice beasts
  6 centaurs
  6 crocodiles
  5 big kobolds
  4 bullfrogs
  A wyvern skeleton (D:6)
  A scorpion (D:6)
  3 crimson imps
  A centaur zombie (D:9)
  A bullfrog zombie (D:8)
  3 hounds
  2 quasits
  A jelly (D:8)
  A bullfrog skeleton (D:8)
  3 orc wizards
  2 orc priests (D:10)
  Jessica (D:3)
  Ijyb (D:5)
  4 iguanas
  2 worker ants
  A hound zombie (D:6)
  A worker ant zombie (D:8)
  3 gnolls (D:6)
  4 adders
  A shadow imp (D:10)
  A white imp (IceCv)
  6 ufetubi (IceCv)
  2 oozes (D:4)
  An adder skeleton (D:10)
  A worm (D:3)
  5 dart slugs
  2 leopard geckos
  21 orcs
  2 giant cockroaches
  5 goblins
  2 hobgoblins
  7 jackals
  6 quokkas
  A ball python (D:6)
  9 bats
  A frilled lizard (D:1)
  33 kobolds
  8 rats
219 creatures vanquished.

Vanquished Creatures (others)
  A white imp (IceCv)
  An ufetubus (IceCv)
  2 plants (D:10)
4 creatures vanquished.

Grand Total: 223 creatures vanquished

Notes
Turn   | Place    | Note
-------+----------+-------------------------------------------
     0 | D:1      | EnegeticOcto the Tengu Assassin began the quest for the
                  | Orb.
     0 | D:1      | Reached XP level 1. HP: 12/12 MP: 2/2
   290 | D:1      | Reached XP level 2. HP: 17/18 MP: 3/3
   583 | D:1      | Reached XP level 3. HP: 22/22 MP: 4/4
  1041 | D:2      | Reached skill level 3 in Fighting
  1657 | D:3      | Reached XP level 4. HP: 20/28 MP: 5/5
  2032 | D:3      | Found a stormy altar of Qazlal.
  2128 | D:3      | Gained mutation: You can fly continuously. [Tengu growth]
  2128 | D:3      | Reached XP level 5. HP: 33/33 MP: 6/6
  2251 | D:3      | Noticed Jessica
  2285 | D:3      | Killed Jessica
  2285 | D:3      | Reached skill level 4 in Fighting
  2721 | D:4      | Found Teosuuth's Gadget Shoppe.
  2759 | D:4      | Noticed a phantom
  3092 | D:4      | Reached skill level 5 in Short Blades
  3092 | D:4      | Reached XP level 6. HP: 9/39 MP: 7/7
  3596 | D:4      | Reached skill level 5 in Fighting
  3925 | D:4      | Found a white marble altar of Elyvilon.
  3929 | D:4      | Found an opulent altar of Gozag.
  3931 | D:4      | Found a glowing golden altar of the Shining One.
  3931 | D:4      | Found a blossoming altar of Fedhas.
  3932 | D:4      | Found a hide-covered altar of Uskayaw.
  3933 | D:4      | Found a burning altar of Makhleb.
  3934 | D:4      | Found a radiant altar of Vehumet.
  3937 | D:4      | Became a worshipper of Uskayaw the Reveler
  4057 | D:5      | Entered Level 5 of the Dungeon
  4099 | D:5      | Reached * piety under Uskayaw
  4260 | D:5      | Found a blossoming altar of Fedhas.
  4418 | D:5      | Found a shimmering altar of Xom.
  4582 | D:5      | Noticed Ijyb
  4584 | D:5      | Reached ** piety under Uskayaw
  4587 | D:5      | Killed Ijyb
  4756 | D:5      | Found a hazy altar of Hepliaklqana.
  4803 | D:5      | You are sucked into a shaft and drop 1 floor!
  4826 | D:6      | Reached skill level 1 in Armour
  4826 | D:6      | Reached skill level 1 in Shields
  4826 | D:6      | Reached XP level 7. HP: 44/44 MP: 8/8
  5487 | D:6      | Reached skill level 1 in Invocations
  5727 | D:6      | Reached XP level 8. HP: 15/50 MP: 8/10
  6426 | D:7      | Identified Kikubaaqudgha's Papyrus of Black Arts
  6667 | D:7      | Reached *** piety under Uskayaw
  6678 | D:7      | Reached **** piety under Uskayaw
  6872 | D:7      | Found a shadowy altar of Dithmenos.
  6945 | D:7      | Found a staircase to the Ecumenical Temple.
  7349 | D:8      | Noticed Gastronok
  7392 | D:8      | Noticed a wyvern
  7401 | D:8      | Killed a wyvern
  7401 | D:8      | Reached skill level 6 in Fighting
  7689 | D:8      | Noticed Maggie
  7697 | D:8      | Killed Maggie
  7697 | D:8      | Reached XP level 9. HP: 49/55 MP: 10/12
  7889 | D:8      | Noticed Psyche
  7898 | D:8      | Killed Psyche
  7924 | D:8      | Killed Gastronok
  7924 | D:8      | Reached skill level 7 in Fighting
  7924 | D:8      | Reached skill level 5 in Armour
  7924 | D:8      | Reached skill level 5 in Dodging
  7924 | D:8      | Reached XP level 10. HP: 63/63 MP: 12/14
  8104 | D:8      | Found a glowing silver altar of Zin.
  8178 | D:9      | Found a staircase to the Lair.
  8198 | D:9      | Reached skill level 5 in Invocations
  8201 | D:9      | Reached ***** piety under Uskayaw
  8212 | D:9      | Reached skill level 8 in Fighting
  8329 | D:9      | Learned a level 4 spell: Summon Lightning Spire
  8822 | D:9      | Found a shimmering blue altar of Sif Muna.
  8863 | D:10     | Entered Level 10 of the Dungeon
  8944 | D:10     | Reached skill level 10 in Short Blades
  8988 | D:10     | Reached skill level 5 in Stealth
  9095 | D:10     | Killed an unseen horror
  9184 | D:10     | Reached skill level 9 in Fighting
  9206 | D:10     | Reached XP level 11. HP: 52/71 MP: 7/15
  9689 | D:10     | Found a sacrificial altar of Ru.
 10082 | D:4      | Bought a tin of tremorstones (3/3) for 440 gold pieces
 10167 | Lair:1   | Entered Level 1 of the Lair of Beasts
 10233 | Lair:1   | Found a frozen archway.
 10386 | IceCv    | Entered an ice cave
 10613 | Lair:1   | Reached skill level 10 in Fighting
 10954 | Lair:1   | Noticed a seven-headed hydra
 10965 | Lair:1   | Killed a seven-headed hydra
 10974 | Lair:1   | Reached skill level 11 in Fighting
 11430 | Lair:2   | Found a gate leading to a gauntlet.
 11437 | Lair:2   | Reached skill level 1 in Evocations
 11456 | Gauntlet | Entered a Gauntlet
 11456 | Gauntlet | Found a transporter.
 11456 | Gauntlet | Found a transporter.
 11456 | Gauntlet | Noticed a catoblepas
 11474 | Gauntlet | Found a transporter.
 11476 | Gauntlet | Found a transporter.
 11478 | Gauntlet | Noticed a soul eater
 11484 | Gauntlet | Found a transporter.
 11488 | Gauntlet | Found a transporter.
 11496 | Gauntlet | Found a transporter.
 11516 | Gauntlet | Found a transporter.
 11537 | Gauntlet | Found a transporter.
 11538 | Gauntlet | Found a transporter.
 11540 | Gauntlet | Found a runed translucent door.
 11541 | Gauntlet | Noticed a death ooze
 11543 | Gauntlet | Found a runed translucent door.
 11546 | Gauntlet | Found a transporter.
 11550 | Gauntlet | Found a transporter.
 11573 | Gauntlet | Found a runed translucent door.
 11762 | Gauntlet | Reached ****** piety under Uskayaw
 11785 | Gauntlet | Got a glittering garnet amulet
 11853 | Gauntlet | Identified the +10 scimitar of the Thing {holy, *Contam
                  | rElec rPois rC-}
 11853 | Gauntlet | Noticed a minotaur
 11866 | Gauntlet | Identified the amulet of Ysigguth {Regen+ Dex+5 SInv} (You
                  | found it in a Gauntlet)
 11901 | Gauntlet | Hit by a silver javelin thrown by a minotaur

Illustrated notes

Levels and vault maps discovered:
D:1:      scummos_arrival_checkerplants, layout_basic
D:2:      layout_basic
D:3:      layout_basic, grunt_qazlal_clouds, first_ration,
          kennysheep_generic_room_7, uniq_jessica
D:4:      layout_loops_cross, minitemple, serial_shops, shop
D:5:      layout_layer_cave, old_standard_altar, nicolae_overflow_crystal_walls,
          lemuel_altar_in_water, uniq_ijyb
D:6:      layout_cave_pools
D:7:      layout_basic, kennysheep_little_box, minmay_temple_entry_junction
D:8:      layout_cave_pools, marbit_many_paths, uniq_psyche, uniq_maggie,
          uniq_gastronok
D:9:      layout_basic, lemuel_blue_sif_altar, david_lair_generic
D:10:     layout_roguey, grunt_livestock, st_stairs_12,
          nicolae_ru_the_path_less_chosen
D:11:     layout_long_grid, serial_shops, shop, minivault_16
Lair:1:   layout_cave_pods, portal_ice_cave_entry_pillars_1
Lair:2:   layout_big_grid, gauntlet_entry_generic,
          chequers_serial_rivers_room_b, minivault_25, serial_bayou_shore_a
Gauntlet: minmay_gauntlet_77_indecision [minmay_gauntlet_arena_77_path,
          minmay_gauntlet_arena_77_checkered,
          minmay_gauntlet_arena_77_two_lines, minmay_gauntlet_arena_77_cramped,
          minmay_gauntlet_arena_77_double_cross,
          minmay_gauntlet_arena_77_tiled_triplets, gauntlet_exit_spiral]

Skill      XL: |  1  2  3  4  5  6  7  8  9 10 11 |
---------------+----------------------------------+-----
Short Blades   | 3 4 5 6 7 9 10 | 10.0
Fighting       | 3 4 5 6 7 9 11 | 11.3
Armour         | 1 2 4 5 |  5.0
Shields        | 1 2 3 4 |  4.0
Dodging        | 2 4 5 |  5.0
Invocations    | 1 2 4 5 |  5.0
Stealth        | 6 8 |  8.0
Evocations     | 2 |  2.3
Throwing       | |  2.0

Action                   |  1- 3 |  4- 6 |  7- 9 | 10-12 || total
-------------------------+-------+-------+-------+-------++-------
Melee: Dagger            |    69 |   105 |    84 |       ||   258
       Kick              |    14 |    23 |    59 |   137 ||   233
       Peck              |     2 |    14 |    39 |    84 ||   139
       Short sword       |       |       |   124 |   399 ||   523
Throw: Dart              |     5 |    20 |    17 |     2 ||    44
Invok: Stomp             |       |       |     8 |     9 ||    17
       Line Pass         |       |       |       |     1 ||     1
 Abil: Fly               |       |     1 |       |     1 ||     2
       Stop Flying       |       |       |     1 |       ||     1
Evoke: Wand              |       |       |    10 |     1 ||    11
       Tin of tremorston |       |       |       |     3 ||     3
  Use: Scroll            |     2 |     9 |     4 |     4 ||    19
       Potion            |       |       |       |     5 ||     5
 Stab: Sleeping          |    10 |     5 |     4 |     6 ||    25
       Paralysed         |       |       |    10 |    17 ||    27
       Distracted        |       |       |       |     2 ||     2
  Eat: Chunk             |     2 |     6 |    11 |    10 ||    29
       Ration            |       |     1 |       |     1 ||     2
Armor: Robe              |    10 |       |       |       ||    10
       Ring mail         |     6 |    20 |       |       ||    26
       Leather armour    |       |     1 |    36 |       ||    37
       Steam dragon scal |       |       |       |    35 ||    35
Dodge: Dodged            |    40 |    39 |    79 |   157 ||   315
Block: Buckler           |       |       |    26 |    50 ||    76

Table legend:
 A = Non-vault XP
 B = Vault XP
 C = Vault XP percentage of total XP
 D = Non-vault monster count
 E = Vault monster count
 F = Vault count percentage of total count
                 A         B        C        D         E       F
            +---------+---------+-------+---------+---------+-------
      Total |   10271 |    6399 |  38.4 |     187 |      32 |  14.6
            +---------+---------+-------+---------+---------+-------
        D:1 |      35 |       0 |   0.0 |      20 |       0 |   0.0
        D:2 |      30 |       0 |   0.0 |      10 |       0 |   0.0
        D:3 |     153 |      55 |  26.4 |      20 |       3 |  13.0
        D:4 |     275 |       0 |   0.0 |       9 |       0 |   0.0
        D:5 |     123 |      36 |  22.6 |       6 |       1 |  14.3
        D:6 |     765 |       0 |   0.0 |      26 |       0 |   0.0
        D:7 |     460 |       0 |   0.0 |      21 |       0 |   0.0
        D:8 |     897 |    3204 |  78.1 |      20 |       4 |  16.7
        D:9 |     490 |     673 |  57.9 |       5 |       4 |  44.4
       D:10 |    2218 |    1395 |  38.6 |      17 |       7 |  29.2
       D:11 |     251 |       0 |   0.0 |      12 |       0 |   0.0
     Lair:1 |    4390 |       0 |   0.0 |      19 |       0 |   0.0
     Lair:2 |     184 |       0 |   0.0 |       2 |       0 |   0.0
      IceCv |       0 |      59 | 100.0 |       0 |       7 | 100.0
   Gauntlet |       0 |     977 | 100.0 |       0 |       6 | 100.0
            +---------+---------+-------+---------+---------+-------
